 Dungeon Crawl Stone Soup version 0.27.1-35-g4d5d836560 (webtiles) character file.

Game seed: 4316858350859638029

53616 hilljack the Spry (level 14, -4/79 HPs)
             Began as a Spriggan Conjurer on Jan 3, 2022.
             Was an Elder of Ashenzari.
             Killed from afar by a fire dragon (50 damage)
             ... with a blast of flame
             ... on level 6 of the Lair of Beasts on July 31, 2022.
             The game lasted 01:07:04 (24074 turns).

hilljack the Spry (Spriggan Conjurer)              Turns: 24074, Time: 01:07:04

Health: -4/79      AC: 10    Str:  5    XL:     14   Next: 31%
Magic:  26/26      EV: 26    Int: 21    God:    Ashenzari [****..]
Gold:   1024       SH:  0    Dex: 15    Spells: 14/28 levels left

rFire    . . .     SeeInvis +   a - +7 shortbow (flame)
rCold    . . .     Faith    .   (shield currently unavailable)
rNeg     . . .     Spirit   .   l - +1 robe of the Eye in the Sky {Bglg, Comp} (curse)
rPois    .         Reflect  .   t - +2 hat of Supernal Wisdom {SInv, Elem, Range} (curse)
rElec    .         Harm     .   D - +0 cloak of the Sidereal Mistrust {Alch, Melee} (curse)
rCorr    .         Rampage  .   (gloves unavailable)
Will     ++...     Clarity  +   (boots unavailable)
Stlth    +++++.....             H - amulet of magic regeneration
HPRegen  0.23/turn              c - ring of Ashenzari's Lethargy {AC+4, Melee, Bglg} (curse)
MPRegen  0.45/turn              o - ring "Chained Together" {Slay+4, Melee, Fort} (curse)

@: very quick
A: very small, no large weapons, unfitting armour, see invisible, speed 3
a: Renounce Religion, Curse Item, Shatter the Chains


You were on level 6 of the Lair of Beasts.
You worshipped Ashenzari.
Ashenzari was greatly pleased with you.
You visited 3 branches of the dungeon, and saw 17 of its levels.
You also visited: Ossuary.

You collected 1024 gold pieces.

Inventory:

Hand Weapons
 a - a +7 shortbow of flaming (weapon)
 b - the +10 long sword of Fedhas's Indignation {holy, Dex+7}
   (You found it on level 9 of the Dungeon)

   It has been blessed by the Shining One to cause great damage to the undead
   and demons.
   Dex:       It affects your dexterity (+7).
 L - the +3 scimitar of Mudopan {flame, Str+2}
   (You found it on level 9 of the Dungeon)

   It burns those it strikes, dealing additional fire damage.
   Big, fiery blades are also staple armaments of hydra-hunters.
   Str:       It affects your strength (+2).
Missiles
 g - 95 poisoned darts
 y - 50 arrows (quivered ammo)
Armour
 l - the cursed +1 robe of the Eye in the Sky (worn) {Bglg, Comp}
   (You took it off Sigmund on level 4 of the Dungeon)

   It has a curse which improves the following skills: Beguiling: Conjurations,
   Hexes and Translocations.
   Companions: Summonings and Necromancy.
 n - a +0 robe of fire resistance
 t - the cursed +2 hat of Supernal Wisdom (worn) {SInv, Elem, Range}
   (You took it off Gastronok on level 1 of the Lair of Beasts)

   It has a curse which improves the following skills: Elements: Fire Magic, Ice
   Magic, Air Magic and Earth Magic.
   Ranged Combat: Slings, Bows, Crossbows and Throwing.
 D - the cursed +0 cloak of the Sidereal Mistrust (worn) {Alch, Melee}
   (You found it on level 8 of the Dungeon)

   It has a curse which improves the following skills: Alchemy: Poison Magic and
   Transmutations.
   Melee Combat: Short Blades, Long Blades, Axes, Maces & Flails, Polearms,
   Staves and Unarmed Combat.
 K - a +2 hat
 P - a +1 robe of resistance
Jewellery
 c - the cursed ring of Ashenzari's Lethargy (left hand) {AC+4, Melee, Bglg}
   (You found it on level 2 of the Dungeon)

   [ring of protection]

   AC:        It affects your AC (+4).
   It has a curse which improves the following skills: Melee Combat: Short
   Blades, Long Blades, Axes, Maces & Flails, Polearms, Staves and Unarmed
   Combat.
   Beguiling: Conjurations, Hexes and Translocations.
 o - the cursed ring "Chained Together" (right hand) {Slay+4, Melee, Fort}
   (You found it on level 5 of the Dungeon)

   [ring of slaying]

   Slay:      It affects your accuracy & damage with ranged weapons and melee
   (+4).
   It has a curse which improves the following skills: Melee Combat: Short
   Blades, Long Blades, Axes, Maces & Flails, Polearms, Staves and Unarmed
   Combat.
   Fortitude: Armour and Shields.
 x - a ring of willpower
 A - a +6 ring of strength
 B - a +4 ring of protection
 C - a ring of ice
 H - an amulet of magic regeneration (around neck)
 J - a ring of fire
 M - a ring of poison resistance
Wands
 m - a wand of paralysis (15)
 p - a wand of iceblast (11)
 E - a wand of flame (32)
 F - a wand of acid (10)
 N - a wand of mindburst (19)
 O - a wand of digging (8)
Scrolls
 j - 4 scrolls of teleportation
 k - 3 scrolls of fog
 r - a scroll of silence
 u - 5 scrolls of amnesia
 G - 4 scrolls of magic mapping
 Q - a scroll of holy word
Potions
 d - a potion of flight
 e - 4 potions of haste
 f - 3 potions of lignification
 h - 4 potions of brilliance
 i - 5 potions of attraction
 q - a potion of heal wounds
 s - 6 potions of might
 v - a potion of curing
 w - a potion of mutation
 z - a potion of magic
 I - 2 potions of ambrosia


   Skills:
 + Level 11.2 Fighting
 - Level 13.1(15.1) Bows
 - Level 15.0 Dodging
 + Level 11.5 Stealth
 - Level 7.6 Spellcasting
 - Level 5.4(8.9) Conjurations
 - Level 6.5(8.9) Transmutations
 - Level 6.8(9.1) Earth Magic


You had 14 spell levels left.
You knew the following spells:

 Your Spells              Type           Power      Damage    Failure   Level
a - Magic Dart            Conj           100%       1d8       1%          1
b - Searing Ray           Conj           90%        3d6       1%          2
c - Dazzling Flash        Conj/Hex       54%        N/A       3%          3
d - Wereblood             Tmut           45%        N/A       1%          2
e - Passwall              Tmut/Erth      38%        N/A       1%          2
f - Leda's Liquefaction   Hex/Erth       14%        N/A       12%         4

Your spell library contained the following spells:

 Spells                   Type           Power      Damage    Failure   Level
 Sandblast                Erth           92%        2d19      1%          1
 Sting                    Tmut/Pois      100%       1d8       1%          1
 Lee's Rapid Deconstruct  Erth           23%        3d14*     5%          5
 Iskenderun's Battlesphe  Conj           45%        2d10      6%          5
 Corpse Rot               Necr/Air       N/A        N/A       11%         2
 Poisonous Vapours        Pois/Air       18%        N/A       11%         2
 Sublimation of Blood     Necr           4%         N/A       11%         2
 Fulminant Prism          Conj/Hex       13%        3d9       12%         4
 Iskenderun's Mystic Bla  Conj/Tloc      27%        2d7       12%         4
 Bolt of Magma            Conj/Fire/Erth 16%        4d9       19%         5
 Statue Form              Tmut/Erth      30%        N/A       30%         6
 Fireball                 Conj/Fire      13%        3d7       34%         5
 Lightning Bolt           Conj/Air       13%        1d27      34%         5
 Airstrike                Air            4%         N/A       58%         4
 Dispel Undead            Necr           9%         3d8       58%         4
 Olgreb's Toxic Radiance  Pois           9%         N/A       58%         4
 Summon Lightning Spire   Summ/Air       9%         N/A       58%         4
 Orb of Destruction       Conj           22%        9d9       87%         7
 Conjure Ball Lightning   Conj/Air       13%        3x3d6     88%         6
 Silence                  Hex/Air        4%         N/A       89%         5
 Summon Forest            Summ/Tloc      4%         N/A       89%         5
 Summon Mana Viper        Hex/Summ       9%         N/A       89%         5
 Agony                    Necr           9%         N/A       90%         5
 Death Channel            Necr           4%         N/A       100%        6
 Shadow Creatures         Summ           N/A        N/A       100%        6
 Summon Hydra             Summ           4%         N/A       100%        7


Dungeon Overview and Level Annotations

Branches:
Dungeon (10/15)            Temple (1/1) D:6            Lair (6/6) D:9
  Swamp (0/4) Lair:4        Snake (0/4) Lair:2        Slime (0/5) Lair:6
Ossuary (visited)
    Orc: D:9-12

Altars:
Ashenzari
Cheibriados
Dithmenos
Elyvilon
Fedhas
Gozag
Hepliaklqana
Kikubaaqudgha
Makhleb
Nemelex Xobeh
Okawaru
Qazlal
Ru
Sif Muna
Trog
Uskayaw
Vehumet
Wu Jian
Xom
Yredelemnul
Zin
The Shining One
Jiyva

Shops:
D:6 (

Annotations:
D:5 2 transporters, jlumianski's ghost, novice GnMo


Innate Abilities, Weirdness & Mutations

You are very small and have problems with some larger weapons.
You are too small for most types of armour.
You have supernaturally acute eyesight. (SInv)
You cover ground extremely quickly. (Speed+++)


Message History

The fire dragon is lightly wounded.
You shoot an arrow. The arrow hits the fire dragon!
The arrow burns the fire dragon.
The fire dragon is lightly wounded.
You shoot an arrow.
The arrow completely misses the fire dragon.
The fire dragon breathes flames at you. The blast of flame hits you!!!
You see here the +0 pair of gloves "Pocsanawn" {Drain Dex+4 SInv Stlth+}.
No target in view!
You shoot an arrow.
The arrow barely misses the fire dragon.
You shoot an arrow. The arrow hits the fire dragon!
The fire dragon is moderately wounded.
You shoot an arrow. The arrow hits the fire dragon.
The fire dragon is moderately wounded.
You shoot an arrow. The arrow hits the fire dragon!
The fire dragon is moderately wounded.
You shoot an arrow.
The arrow hits the fire dragon but does no damage.
The fire dragon is moderately wounded.
You shoot an arrow.
The arrow completely misses the fire dragon.
You shoot an arrow.
The arrow barely misses the fire dragon.
You shoot an arrow. The arrow hits the fire dragon!
The arrow burns the fire dragon.
The fire dragon is heavily wounded.
You shoot an arrow. The arrow hits the fire dragon!
The fire dragon is severely wounded.
You shoot an arrow. The arrow hits the fire dragon!
The fire dragon is severely wounded.
You shoot an arrow.
The arrow closely misses the fire dragon.
You shoot an arrow.
The arrow barely misses the fire dragon.
The fire dragon breathes flames at you. The blast of flame hits you!!!
Ouch! That really hurt!
You die...

###.#.#..### ##...# ...........#
##...## ...........# #....##
.......#...# ##....## *
.......#...# ########P...## ⌠
.......#...###.##.##.....##
...............##..P.....## **
...............#.........##
.....(..........@........### ∆{,
.......#.................###∆∆∆∆∆
.......#..................##∆∆∆∆*
.......#..................###∆∆ *
#.##..#.((.DP.............#### #
.......(((........#.##.....P#####
..........##....#..###.......#...
.......##P######.#.###.......#...
....(..##### ########.......PP.##


You could see a fire dragon (catching breath).

Vanquished Creatures
  Gastronok (Lair:1)
  Snorg (Lair:3)
  15 hydras
  A catoblepas (Lair:5)
  A death yak (Lair:5)
  2 two-headed ogres (D:10)
  Urug (D:10)
  Sonja (Lair:1)
  5 lindwurms
  11 elephants
  4 torpor snails
  8 black mambas
  Joseph (D:10)
  13 cane toads
  9 komodo dragons
  6 rime drakes
  A wind drake (shapeshifter) (D:9)
  2 hornets
  A tyrant leech (Lair:4)
  Prince Ribbit (D:7)
  19 blink frogs
  9 dream sheep
  Sigmund (D:4)
  2 shadows (D:9)
  29 yaks
  3 basilisks
  2 wyverns
  Grum (Lair:1)
  A steam dragon (Lair:6)
  2 swamp worms (Lair:4)
  A naga (Lair:2)
  11 water moccasins
  An acid dragon (Lair:6)
  A swamp drake (Lair:6)
  An ice beast (D:7)
  6 orc warriors
  3 black bears
  4 ogres
  4 wolves (Lair:1)
  6 centaurs
  2 phantoms (D:5)
  An elf zombie (D:5)
  2 kobold brigands (D:7)
  18 bullfrogs
  A gnoll sergeant (D:9)
  4 elf skeletons (D:5)
  A scorpion (D:7)
  4 water moccasin zombies (Ossuary)
  A wyvern skeleton (D:7)
  A water moccasin skeleton (D:7)
  5 killer bees (D:9)
  3 howler monkeys (D:8)
  3 electric eels
  3 centaur zombies
  2 jellies
  A hound (D:3)
  4 orc priests
  2 bullfrog skeletons
  3 human skeletons (D:5)
  4 iguanas
  15 orc wizards
  5 hell rats
  2 mummies (Ossuary)
  A howler monkey zombie (D:9)
  9 gnolls
  3 adders
  A white imp (D:8)
  An adder skeleton (D:4)
  7 adder zombies (Ossuary)
  3 dart slugs
  29 orcs
  4 bats
  3 endoplasms
  2 giant cockroaches
  3 gnoll zombies (Ossuary)
  2 goblins
  9 hobgoblins
  4 jackals (D:1)
  2 quokkas
  5 ball pythons
  4 hobgoblin zombies (Ossuary)
  18 kobolds
  8 kobold zombies (Ossuary)
  An orc skeleton (D:5)
  7 orc zombies
  6 rats
411 creatures vanquished.

Vanquished Creatures (collateral kills)
  A black mamba (Lair:5)
1 creature vanquished.

Vanquished Creatures (others)
  An iguana (Lair:6)
  22 fungi
  93 plants
116 creatures vanquished.

Grand Total: 528 creatures vanquished

Notes
Turn   | Place    | Note
-------+----------+-------------------------------------------
     0 | D:1      | hilljack the Spriggan Conjurer began the quest for the Orb.
     0 | D:1      | Reached XP level 1. HP: 9/9 MP: 5/5
    17 | D:1      | Found a faded altar of an unknown god.
   554 | D:1      | Reached skill level 3 in Dodging
   615 | D:1      | Reached XP level 2. HP: 13/13 MP: 2/6
   618 | D:1      | Learned a level 2 spell: Searing Ray
  1373 | D:2      | Found a glowing silver altar of Zin.
  1785 | D:3      | Reached XP level 3. HP: 16/16 MP: 1/8
  2054 | D:3      | Found an iron altar of Okawaru.
  2180 | D:3      | Reached XP level 4. HP: 21/21 MP: 6/10
  2395 | D:3      | Reached skill level 4 in Dodging
  2706 | D:3      | Reached skill level 5 in Stealth
  2706 | D:3      | Reached XP level 5. HP: 24/24 MP: 0/12
  3131 | D:4      | Noticed Sigmund
  3142 | D:4      | Killed Sigmund
  3143 | D:4      | Reached XP level 6. HP: 28/28 MP: 5/13
  3288 | D:4      | Reached skill level 5 in Dodging
  3714 | D:4      | Found a glowing golden altar of the Shining One.
  4011 | D:5      | Entered Level 5 of the Dungeon
  4225 | D:5      | Reached skill level 5 in Spellcasting
  4280 | D:5      | Reached XP level 7. HP: 30/32 MP: 6/15
  4667 | D:5      | Found a sand-covered staircase.
  4680 | D:5      | Reached skill level 6 in Dodging
  4683 | Ossuary  | Entered an ossuary
  5330 | Ossuary  | Reached XP level 8. HP: 36/36 MP: 13/18
  5892 | D:5      | Found a transporter.
  5892 | D:5      | Noticed jlumianski's ghost (novice GnMo)
  5893 | D:5      | Found a transporter.
  5913 | D:5      | Reached skill level 7 in Dodging
  6222 | D:5      | Reached skill level 5 in Conjurations
  6842 | D:6      | Found a staircase to the Ecumenical Temple.
  6850 | Temple   | Entered the Ecumenical Temple
  7404 | D:6      | Learned a level 3 spell: Dazzling Flash
  7717 | D:6      | Found Bixkeago's Weapon Emporium.
  7738 | D:6      | Reached skill level 8 in Dodging
  8117 | D:6      | Reached XP level 9. HP: 39/39 MP: 21/21
  8721 | D:7      | Noticed Prince Ribbit
  8728 | D:7      | Killed Prince Ribbit
  9105 | D:7      | Reached skill level 5 in Bows
  9485 | D:8      | Learned a level 2 spell: Wereblood
  9513 | D:8      | Found a hide-covered altar of Uskayaw.
  9528 | D:8      | Reached skill level 1 in Transmutations
  9819 | D:8      | Reached skill level 1 in Fighting
 10382 | D:9      | Noticed a wind drake
 10389 | D:9      | Killed a wind drake
 10390 | D:9      | Reached XP level 10. HP: 27/46 MP: 22/22
 10626 | D:9      | Found a staircase to the Lair.
 10681 | D:9      | Reached skill level 9 in Dodging
 10687 | D:9      | Noticed a lindwurm
 10688 | D:9      | Noticed a lindwurm
 10691 | D:9      | Killed a lindwurm
 10691 | D:9      | Noticed a lindwurm
 10977 | D:9      | Noticed a lindwurm
 10986 | D:9      | Killed a lindwurm
 11029 | D:9      | Reached skill level 5 in Transmutations
 11082 | D:9      | Found a hazy altar of Hepliaklqana.
 11082 | D:9      | Found a bloodstained altar of Trog.
 11084 | D:9      | Found a sacrificial altar of Ru.
 11133 | D:9      | Found a broken altar of Ashenzari.
 11304 | D:9      | Found a shadowy altar of Dithmenos.
 11491 | D:9      | Reached skill level 10 in Dodging
 11684 | D:9      | Killed a lindwurm
 11685 | D:9      | Reached skill level 10 in Bows
 11695 | D:9      | Killed a lindwurm
 11877 | D:9      | Identified the +3 scimitar of Mudopan {flame, Str+2}
 11878 | D:9      | Identified the +10 long sword of Fedhas's Indignation
                  | {holy, Dex+7}
 11942 | Lair:1   | Entered Level 1 of the Lair of Beasts
 11942 | Lair:1   | Noticed a cane toad
 11959 | D:10     | Entered Level 10 of the Dungeon
 12045 | D:10     | Identified the +0 leather armour of Courage {Rampage *Slow
                  | Regen+ Stlth+}
 12101 | D:10     | Reached XP level 11. HP: 47/53 MP: 23/23
 12293 | D:10     | Noticed Urug
 12724 | D:10     | Noticed a two-headed ogre
 12740 | D:10     | Killed a two-headed ogre
 12779 | D:10     | Noticed a two-headed ogre
 12815 | D:10     | Killed a two-headed ogre
 12819 | D:10     | Learned a level 2 spell: Passwall
 12857 | D:10     | Noticed Joseph
 12867 | D:10     | Killed Joseph
 13010 | D:10     | Reached skill level 11 in Dodging
 13084 | D:9      | Found a radiant altar of Vehumet.
 13095 | D:9      | Became a worshipper of Ashenzari the Shackled
 13153 | D:10     | Killed Urug
 13305 | Lair:1   | Noticed a six-headed hydra
 13312 | Lair:1   | Killed a six-headed hydra
 13313 | Lair:1   | Reached skill level 5 in Fighting
 13354 | Lair:1   | Noticed Sonja
 13820 | Lair:1   | Noticed a six-headed hydra
 13827 | Lair:1   | Killed a six-headed hydra
 13860 | Lair:1   | Noticed Grum
 13861 | Lair:1   | Reached skill level 12 in Dodging
 13877 | Lair:1   | Killed Grum
 14083 | Lair:1   | Noticed a five-headed hydra
 14374 | Lair:1   | Killed a five-headed hydra
 14432 | Lair:1   | Reached XP level 12. HP: 53/61 MP: 24/24
 14910 | Lair:1   | Noticed Gastronok
 14952 | Lair:1   | Killed Gastronok
 15056 | Lair:1   | Noticed a seven-headed hydra
 15072 | Lair:1   | Killed a seven-headed hydra
 15073 | Lair:1   | Reached skill level 13 in Dodging
 15276 | Lair:1   | Killed Sonja
 15429 | Lair:2   | Found a staircase to the Snake Pit.
 15922 | Lair:2   | Reached * piety under Ashenzari
 16014 | Lair:2   | Found a shimmering blue altar of Sif Muna.
 16162 | Lair:2   | Reached skill level 14 in Dodging
 16995 | Lair:3   | Noticed Snorg
 16999 | Lair:3   | Noticed a four-headed hydra
 17055 | Lair:3   | Killed Snorg
 17144 | Lair:3   | Killed a four-headed hydra
 17145 | Lair:3   | Reached XP level 13. HP: 69/69 MP: 25/25
 17623 | Lair:4   | Reached skill level 15 in Dodging
 17690 | Lair:4   | Reached skill level 1 in Earth Magic
 17944 | Lair:3   | Upgraded the game from 0.27.1-34-g3ba077fa99 to
                  | 0.27.1-35-g4d5d836560
 18381 | Lair:4   | Reached ** piety under Ashenzari
 18406 | Lair:4   | Learned a level 4 spell: Leda's Liquefaction
 19153 | Lair:4   | Reached skill level 10 in Fighting
 19177 | Lair:4   | Reached skill level 5 in Earth Magic
 19221 | Lair:4   | Found a staircase to the Swamp.
 19886 | Lair:4   | Reached *** piety under Ashenzari
 20340 | Lair:5   | Reached **** piety under Ashenzari
 20564 | Lair:5   | HP: 2/72 [black mamba (5)]
 21275 | Lair:5   | Reached XP level 14. HP: 77/77 MP: 26/26
 21688 | Lair:6   | Entered Level 6 of the Lair of Beasts
 21743 | Lair:6   | Reached skill level 10 in Stealth
 22262 | Lair:6   | Identified the +0 pair of gloves "Pocsanawn" {Drain Dex+4
                  | SInv Stlth+}
 23436 | Lair:6   | Found a viscous altar of Jiyva.
 23437 | Lair:6   | Found a staircase to the Slime Pits.
 24074 | Lair:6   | Killed from afar by a fire dragon

Illustrated notes

Levels and vault maps discovered:
D:1:      dpeg_arrival_tiny_e, layout_basic,
          shapermc_ecumenical_altar_totnotflames
D:2:      layout_rooms, basic_altar
D:3:      cheibrodos_helix_gallery, layout_loops_cross, lemuel_doored_altar
D:4:      layout_loops_cross, mainiacjoe_overflow_six_doors_small,
          kennysheep_boxes, uniq_sigmund
D:5:      layout_loops_corners, gammafunk_ghost_hive,
          nicolae_ossuary_entry_catacombs, minmay_misc_feat_nine_boxes
D:6:      minmay_flawed_box, layout_loops_ring,
          minmay_temple_entry_statues_fountains, serial_shops, shop
D:7:      layout_loops_cross, uniq_prince_ribbit1
D:8:      layout_loops_ring, mainiacjoe_overflow_paths, kennysheep_potato
D:9:      layout_grid_maze, grunt_dithmenos_shadows,
          nicolae_overflow_hidden_temple, lair_entry_dummy, minmay_lindwurm_lava
D:10:     layout_roguey, minmay_misc_feat_tower, uniq_joseph, uniq_urug
Temple:   dshaligram_water_room_temple
Lair:1:   layout_cave_pods, beast_lair_carwin_11, uniq_gastronok, uniq_grum,
          uniq_sonja
Lair:2:   layout_layer_cave, guppyfry_snake_entry_garden, lemuel_centaur_altar
Lair:3:   layout_roguey, uniq_snorg
Lair:4:   layout_gridlike, palyth_hydra_swamp_entry, serial_bayou_shore_b,
          grunt_megastairs_5, infiniplex_staircase_pool
Lair:5:   layout_gridlike, hangedman_lair_generics_rect
Lair:6:   wormcave, layout_hall_layers, guppyfry_lair_end_dragon,
          dpeg_slime_entry_enclosed_altar, minivault_25, grunt_megastairs_4

Skill      XL: |  1  2  3  4  5  6  7  8  9 10 11 12 13 14 |
---------------+-------------------------------------------+-----
Conjurations   | 3 4 5 |  5.4
Dodging        | 3 4 5 6 8 10 12 14 15 | 15.0
Spellcasting   | 3 4 5 6 7 |  7.6
Stealth        | 4 5 6 7 9 11 | 11.5
Bows           | 8 10 12 13 | 13.1
Transmutations | 2 6 |  6.5
Fighting       | 1 4 6 8 10 11 | 11.2
Earth Magic    | 6 |  6.8

Action                   |  1- 3 |  4- 6 |  7- 9 | 10-12 | 13-15 || total
-------------------------+-------+-------+-------+-------+-------++-------
Melee: Short sword       |    29 |    24 |   120 |       |       ||   173
       Long sword        |       |       |       |     5 |     8 ||    13
 Fire: Shortbow          |       |       |   158 |   607 |   617 ||  1382
Throw: Dart              |     1 |       |       |       |       ||     1
 Cast: Magic Dart        |    60 |    46 |    29 |     2 |     1 ||   138
       Searing Ray       |     5 |    16 |    39 |       |       ||    60
       Wereblood         |       |       |       |    14 |    10 ||    24
       Leda's Liquefacti |       |       |       |       |     8 ||     8
       Dazzling Flash    |       |       |       |       |     1 ||     1
Invok: Curse Item        |       |       |       |     2 |     3 ||     5
Evoke: Wand              |       |       |       |       |     1 ||     1
  Use: Scroll            |     1 |     8 |    13 |     2 |     2 ||    26
       Potion            |       |       |     1 |     4 |     4 ||     9
 Stab: Sleeping          |       |     3 |     3 |       |       ||     6
       Distracted        |       |       |     1 |       |       ||     1
Armor: Robe              |     4 |     4 |    43 |    10 |    31 ||    92
Dodge: Dodged            |    38 |    32 |   176 |   122 |   156 ||   524
       Rpst.: Long sword |       |       |       |     4 |     6 ||    10
